 Dungeon Crawl Stone Soup version bcrawl-1.27.1d (webtiles) character file.

Game seed: 6746746447840126424

137608 Freyura the Cutter (level 4, 0/34 HPs)
             Began as a Vampire Gladiator on July 19, 2020.
             Slain by an orc wizard
             ... wielding a +0 dagger
              (2 damage)
             ... on level 3 of the Dungeon.
             The game lasted 00:03:39 (1737 turns).

Freyura the Cutter (Vampire Gladiator)              Turns: 1737, Time: 00:03:40

Health: 0/34       AC:  3    Str: 17    XL:     4   Next: 29%
Magic:  4/4        EV: 14    Int:  8    God:
Gold:   66         SH:  0    Dex: 15    Spells: 3/3 levels left

rFire    . . .     SeeInvis +   a - +0 rapier
rCold    + . .     Gourm    .   (no shield)
rNeg     + + .     Faith    .   l - +0 robe
rPois    ∞         Spirit   .   c - +0 helmet
rElec    .         Reflect  .   (no cloak)
rCorr    .         Harm     .   (no gloves)
MR       .....                  (no boots)
Stlth    +++++.....             (no amulet)
HPRegen  0.05/turn              (no ring)
MPRegen  0.09/turn              (no ring)

@: bloodless, regenerating slowly
A: claws 1, fangs 3, see invisible, unbreathing
a: no special abilities


You were on level 3 of the Dungeon.
You were bloodless.

You visited 1 branch of the dungeon, and saw 3 of its levels.

You collected 66 gold pieces.

Inventory:

Hand Weapons
 a - a +0 rapier (weapon)
Missiles
 d - 3 throwing nets {=f}
Armour
 b - a +0 leather armour
 c - a +0 helmet (worn)
 l - a +0 robe (worn)
Scrolls
 e - a scroll of amnesia {unknown}
 g - a scroll of identify
 h - a scroll of enchant armour {unknown}
 j - a scroll of enchant weapon {unknown}
 m - a scroll of magic mapping
 n - a scroll of teleportation {unknown}
Potions
 f - a potion of berserk rage {unknown}
 i - a potion of curing {unknown}
 k - a potion of lignification {unknown}
 q - 4 potions of blood


   Skills:
 + Level 2.4 Fighting
 + Level 4.2 Short Blades
 - Level 1.5 Throwing
 + Level 3.9 Dodging
 * Level 3.8 Stealth


You had 3 spell levels left.
You didn't know any spells.
Your spell library was empty.

Dungeon Overview and Level Annotations

Branches:
Dungeon (3/12)

Altars:
Cheibriados
Fedhas
Yredelemnul
Zin


Innate Abilities, Weirdness & Mutations

You heal slowly.
You are immune to poison.
You have sharp fingernails.
You have razor-sharp teeth.
You have supernaturally acute eyesight. (SInv)
You can survive without breathing.


Message History

The orc wizard points at you and mumbles some strange words.
The magic dart hits you!
* * * LOW HITPOINT WARNING * * *
You puncture the orc wizard!
The orc wizard is severely wounded.
The orc wizard casts a spell.
The orc wizard blinks!
The orc wizard closely misses you.
The orc wizard hits you with a +0 dagger.
* * * LOW HITPOINT WARNING * * *
You hit the orc wizard.
The orc wizard is heavily wounded.
The orc wizard hits you but does no damage.
The orc wizard mumbles some strange words.
The orc wizard blinks!
You completely miss the orc wizard.
The orc wizard is heavily wounded.
The orc wizard hits you but does no damage.
The orc wizard hits you with a +0 dagger.
You die...

###
#..
#.#
#§#
#o##.#
#o##.#
#@##.#
#o##.#
#.##.#
#.##.#
#.##.#
#...<#
####.#
#.#
#.#


You could see 2 orc wizards and an orc.

Vanquished Creatures
  Jessica (D:2)
  2 oozes (D:1)
  A worm (D:2)
  A dart slug (D:2)
  4 orcs
  5 bats
  4 giant cockroaches
  9 goblins
  6 hobgoblins
  A quokka (D:1)
  2 kobolds
  5 rats
41 creatures vanquished.

Vanquished Creatures (others)
  An ooze (D:3)
1 creature vanquished.

Grand Total: 42 creatures vanquished

Notes
Turn   | Place    | Note
-------+----------+-------------------------------------------
     0 | D:1      | Freyura the Vampire Gladiator began the quest for the Orb.
     0 | D:1      | Reached XP level 1. HP: 16/16 MP: 1/1
    30 | D:1      | Reached skill level 1 in Stealth
    32 | D:1      | Reached XP level 2. HP: 14/22 MP: 2/2
   479 | D:1      | Reached XP level 3. HP: 26/27 MP: 3/3
   567 | D:1      | Reached skill level 4 in Short Blades
   990 | D:2      | Found a basalt altar of Yredelemnul.
  1066 | D:2      | Found a blossoming altar of Fedhas.
  1201 | D:2      | Noticed Jessica
  1208 | D:2      | Killed Jessica
  1208 | D:2      | Reached XP level 4. HP: 34/34 MP: 4/4
  1222 | D:2      | Found a faded altar of an unknown god.
  1304 | D:2      | Found a snail-covered altar of Cheibriados.
  1304 | D:2      | Found a glowing silver altar of Zin.
  1735 | D:3      | HP: 1/34 [orc wizard/+0 dagger (6)]
  1737 | D:3      | Slain by an orc wizard

Skill      XL: |  1  2  3 |
---------------+----------+-----
Stealth        | 1 2 3 |  3.8
Fighting       | 2 |  2.4
Short Blades   | 4 |  4.2
Throwing       | |  1.5
Dodging        | |  3.9

Action                   |  1- 3 |  4- 6 || total
-------------------------+-------+-------++-------
Melee: Rapier            |    72 |    16 ||    88
       Bite              |     5 |     1 ||     6
  Use: Scroll            |     3 |       ||     3
 Stab: Sleeping          |    17 |     5 ||    22
Armor: Leather armour    |    12 |       ||    12
       Robe              |       |     1 ||     1
Dodge: Dodged            |    29 |     3 ||    32
